ElectroGuy, chaotic female human Rogue ------------ |...........#####----------------------- -------- |........>.| #|.-..|..|..-...dZ@.|..| |..-...| ------ |...........#####-.|..|..|..|....|..|..| |..|...-## +....| |..........| ##|.----|-----....----|--+-----[..|# |.<..| |...........#####|...............................|# |....| --------.--- # #|.-|-----+--.......---|--|---...|### ----.- ##### # #|.|..|..| |......{|....|...|...|# # ## # #|.|..|..| |.......|....|.%%|...| ### # #|.----|-----.......|.._.|.%%|...| # ### #|.............{....|....|%%.|...| ### -------.---- #|.-------|-------.----------|...| # |..........| #|.|.?[(|...|(((.|.-....|(((.|...| ##...........| #|.-.!%(|...|(((.-.|....|(((.-...| |..........| #|.|.?%%|...|(((.|.|....|]((.|...| ------------ #|.---------------.-----------...| #|...............................| #--------------------------------- ElectroGuy the Rogue Experience level: 6 Strength: 14 Dexterity: 18 Constitution: 15 Intelligence: 12 Wisdom: 7 Charisma: 9 Health: 0(51) Energy: 21(21) Def: 8 Gold: 0 Moves: 4010 Dungeon seed: S7kVPfYogD9k0m8p Game ID: ElectroGuy_1577399265 Your Inventory: Weapons a - a +0 short sword c - 3 +0 daggers (in quiver) s - a cursed +0 dagger (weapon in hand) v - 10 +0 daggers w - a +0 aklys x - a +0 aklys Armor e - an uncursed +0 pair of iron shoes (being worn) n - an uncursed +0 dwarvish mithril-coat (being worn) C - an uncursed +0 dwarvish cloak (being worn) Comestibles j - an uncursed lichen corpse o - 2 uncursed food rations Potions h - an uncursed potion of sickness r - an uncursed potion of enlightenment Rings m - an uncursed ring of slow digestion (on left hand) Wands i - a cursed wand of light (0:12) Tools d - an uncursed lock pick f - an uncursed sack g - an uncursed blindfold p - a +0 pick-axe u - an uncursed towel Gems q - 2 uncursed worthless pieces of blue glass y - 2 uncursed worthless pieces of black glass z - an uncursed worthless piece of yellow glass A - an uncursed sapphire E - an uncursed worthless piece of violet glass N - an uncursed topaz stone Y - an uncursed worthless piece of white glass Spells and supernatural/magical abilities: Name Level Category Fail Memory W - pray for help -- divine ? -- Your skills at the end: Fighting Skills Weapon Skills dagger [Skilled] short sword [Basic] Spellcasting Skills Final Attributes: You were piously aligned. You were stealthy. You had slower digestion. You are dead. Vanquished creatures: a leprechaun a human zombie a yellow light 4 gnome lords 3 gnomish wizards 5 giant ants a little dog a floating eye 7 dwarves a homunculus a kobold lord 3 hill orcs a giant bat a hobbit a hobgoblin a brown mold a yellow mold 20 gnomes 2 geckos 8 jackals a fox 2 kobolds 2 goblins a sewer rat 6 grid bugs 3 lichens 3 kobold zombies 3 newts 85 creatures vanquished. Voluntary challenges: You had been an atheist until turn 3556. You used a wielded weapon 76 times, starting on turn 60. You read items or engraved 1 time, starting on turn 1456. You never genocided any monsters. You never polymorphed an object. You never changed form. You used no wishes. You never split a pudding. You never wrote Elbereth's name. You never violated your personal moral code. Dungeon overview: The Dungeons of Doom: levels 1 to 2 Level 1 some fountains a long staircase Level 2 a fountain stairs to The Gnomish Mines The Gnomish Mines: levels 3 to 5 Level 3 stairs to The Dungeons of Doom Level 4 Level 5 <- You were here many shops, a temple to Issek, some fountains History has recorded: On T:1 you entered the Dungeons of Doom to retrieve the Amulet of Yendor! On T:738 you advanced to experience level 2. On T:860 you reached level 2 of The Dungeons of Doom. On T:1419 you reached level 1 of The Gnomish Mines. On T:1424 you advanced to experience level 3. On T:1500 you advanced to experience level 4. On T:2447 you reached level 2 of The Gnomish Mines. On T:2687 you advanced to experience level 5. On T:3258 you reached level 3 of The Gnomish Mines. On T:3484 you advanced to experience level 6. Score breakdown: Gold: 0 ( 0 points) Experience: 6 levels (12456 points) Exploration: 5 levels ( 9.62%) ( 8401 points) Discoveries: 6 items ( 2.01%) ( 4256 points) Valuables value: (no points given unless you survive) Artifact value: 0 ( 0 points) Variety of kills: 28 monsters ( 7.35%) ( 8132 points) Turncount: 4010 turns (-1028 points) Survival: died (score multiplied by 80%) Total score: 25773 Latest messages: The human zombie hits the dog. The human zombie hits! The human zombie misses. The human zombie hits the dog. The dog bites the human zombie. The human zombie misses the dog. The dog bites the human zombie. You hit the human zombie. The dog bites the human zombie. The human zombie hits the dog. You destroy the human zombie! The human zombie hits! (2x) You throw 3 daggers. The 1st dagger hits the human zombie. The 2nd dagger hits the human zombie. The 3rd dagger hits the human zombie. You throw 3 daggers. The 1st dagger hits the human zombie. The 2nd dagger hits the human zombie. The 3rd dagger hits the human zombie. You hit the human zombie! The human zombie hits! You die... Final status: Goodbye ElectroGuy the Rogue, killed by a human zombie... You died in The Gnomish Mines on dungeon level 5 with 25773 points, and 0 pieces of gold, after 4010 moves. You were level 6 with a maximum of 51 hit points when you died.